Map: [ESL] Alcyone

Players

ShoWTimE - Winner!

  • Race: Protoss Protoss
  • League: Diamond
  • Spawn Location: 7:00

Cyan

  • Race: Protoss Protoss
  • Spawn Location: 1:00

Event: IEM Katowice 2024

VOD

Have the link to the VOD?

Description

Time

  • Played on: Feb. 9, 2024, 10:54 a.m.
  • Length: 16:41

All games in this series

Show
View Real Time Build Order
Export as new Build Order

ShoWTimE Protoss - Winner!

Build Orders: Phoenix Opening, Blink Stalkers 

Get SALT Encoding   

  12  0:00  Probe  
  13  0:12  Probe  
  14  0:16  Pylon  
  14  0:24  Probe (Chrono Boost)  
  15  0:36  Gateway, Probe (Chrono Boost)  
  16  0:44  Probe (Chrono Boost)  
  16  0:46  Assimilator  
  17  0:50  Probe  
  17  0:54  Assimilator  
  18  1:03  Probe (Chrono Boost)  
  19  1:06  Gateway  
  19  1:12  Probe (Chrono Boost)  
  19  1:17  Probe (Chrono Boost)  
  20  1:24  Cybernetics Core  
  21  1:29  Probe  
  22  1:35  Pylon  
  22  1:41  Probe  
  23  1:53  Probe  
  24  2:00  Warp Gate, Stalker  
  26  2:05  Probe  
  26  2:06  Sentry  
  29  2:12  Pylon  
  29  2:26  Pylon  
  29  2:29  Stalker  
  31  2:33  Sentry  
  31  2:37  Phoenix  
  33  2:47  Nexus  
  33  2:52  Probe  
  33  2:57  Shield Battery  
  34  3:06  Twilight Council  
  34  3:12  Sentry  
  37  3:16  Phoenix  
  37  3:17  Shield Battery  
  37  3:19  Probe  
  37  3:25  Pylon  
  37  3:31  Probe  
  38  3:42  Blink (Chrono Boost)  
  38  3:44  Pylon  
  39  3:48  Stalker  
  39  3:53  Stalker  
  39  3:55  Probe, Phoenix  
  42  4:01  Probe  
  42  4:02  Shield Battery  
  44  4:07  Probe  
  45  4:13  Probe  
  46  4:18  Stalker x2  
  46  4:20  Probe  
  51  4:26  Probe  
  52  4:32  Probe  
  52  4:38  Probe  
  54  4:44  Probe, Shield Battery, Stalker  
  57  4:50  Probe  
  53  4:56  Stalker, Probe  
  56  5:02  Probe  
  56  5:03  Shield Battery  
  57  5:08  Probe  
  57  5:11  Pylon, Stalker  
  60  5:14  Probe  
  60  5:20  Probe  
  62  5:24  Nexus  
  62  5:29  Robotics Facility, Probe  
  62  5:33  Pylon  
  63  5:36  Probe  
  63  5:38  Assimilator  
  63  5:40  Stalker x2  
  63  5:41  Probe  
  65  5:43  Stalker  
  65  5:48  Probe  
  65  5:49  Stalker  
  70  5:58  Pylon  
  70  5:59  Forge  
  68  6:06  Stalker  
  68  6:07  Shield Battery, Probe x2  
  72  6:15  Stalker  
  74  6:19  Observer (Chrono Boost), Probe (Chrono Boost)  
  74  6:24  Probe (Chrono Boost)  
  77  6:30  Gateway x2, Probe (Chrono Boost)  
  79  6:32  Stalker  
  79  6:34  Probe (Chrono Boost)  
  79  6:35  Probe (Chrono Boost)  
  79  6:36  Probe (Chrono Boost)  
  83  6:40  Stalker  
  83  6:43  Probe (Chrono Boost)  
  87  6:48  Probe (Chrono Boost)  
  87  6:50  Protoss Ground Weapons Level 1 (Chrono Boost)  
  87  6:51  Probe (Chrono Boost)  
  87  6:53  Observer  
  89  6:55  Probe (Chrono Boost)  
  89  6:56  Pylon  
  89  6:57  Probe (Chrono Boost)  
  89  6:59  Stalker  
  89  7:00  Probe x2 (Chrono Boost)  
  93  7:02  Probe (Chrono Boost)  
  93  7:03  Assimilator  
  93  7:06  Stalker  
  97  7:09  Shield Battery  
  97  7:10  Probe  
  97  7:12  Immortal (Chrono Boost)  
  102  7:21  Probe  
  101  7:23  Charge  
  101  7:24  Stalker x3  
  101  7:28  Pylon  
  107  7:35  Gateway  
  107  7:38  Gateway  
  107  7:41  Stalker  
  107  7:42  Phoenix  
  109  8:00  Nexus  
  109  8:01  Pylon  
  109  8:04  Pylon  
  109  8:07  Immortal  
  109  8:10  Gateway  
  109  8:11  Gateway  
  113  8:13  Templar Archives  
  113  8:14  Pylon  
  113  8:15  Pylon  
  113  8:23  Shield Battery  
  113  8:25  Shield Battery  
  113  8:28  Zealot x4  
  113  8:30  Protoss Ground Weapons Level 2 (Chrono Boost)  
  113  8:33  Pylon  
  121  8:42  Pylon  
  121  8:44  Stalker  
  121  8:45  Zealot  
  123  8:55  Zealot x4  
  130  8:58  Phoenix  
  130  9:04  Observer  
  130  9:08  High Templar, Pylon  
  130  9:09  High Templar  
  134  9:12  Probe  
  134  9:13  Probe x2  
  134  9:14  Photon Cannon x2  
  134  9:16  Archon  
  137  9:18  Zealot  
  137  9:19  Zealot x2  
  137  9:23  Zealot, Pylon  
  143  9:26  Zealot x2  
  143  9:28  Probe x2  
  149  9:32  Warp Prism (Chrono Boost)  
  151  9:38  High Templar  
  151  9:39  High Templar  
  151  9:45  Archon  
  155  9:48  Gateway  
  155  9:50  Gateway  
  155  9:52  Zealot x3  
  157  10:06  Zealot x3  
  152  10:14  Observer  
  152  10:20  Nexus  
  146  10:25  Stalker x5  
  146  10:27  Stalker x3  
  161  10:35  Observer  
  159  10:49  Zealot x4  
  157  10:50  Zealot  
  157  10:56  Warp Prism  
  151  11:00  Zealot x3  
  151  11:02  Zealot x2  
  143  11:16  Zealot x3  
  143  11:18  Photon Cannon  
  131  11:20  Zealot  
  131  11:21  Zealot x4  
  127  11:26  Protoss Ground Weapons Level 3 (Chrono Boost)  
  127  11:31  Zealot x2  
  116  11:32  Observer (Chrono Boost)  
  116  11:33  Probe x4  
  116  11:34  Pylon  
  116  11:37  Photon Cannon  
  116  11:38  Photon Cannon  
  120  11:43  Stalker x3  
  126  11:52  Stalker x4  
  126  11:53  Observer (Chrono Boost)  
  135  11:55  Zealot  
  135  11:58  Stalker  
  139  12:05  Observer  
  139  12:07  Zealot x4  
  143  12:21  Forge  
  143  12:22  Zealot  
  143  12:23  Zealot x5  
  143  12:27  Observer (Chrono Boost)  
  143  12:29  Stalker x4  
  162  12:36  Observer  
  161  12:40  Observer (Chrono Boost)  
  161  12:43  Photon Cannon  
  162  12:46  Stalker x5  
  162  12:47  Stalker  
  162  12:48  Photon Cannon  
  174  13:03  Photon Cannon  
  174  13:04  Shield Battery  
  172  13:07  Pylon  
  172  13:08  Zealot x4  
  166  13:14  Zealot x6  
  170  13:26  Probe  
  170  13:27  Gateway, Probe  
  168  13:28  Gateway  
  168  13:33  Stalker x4  
  176  13:34  Observer (Chrono Boost)  
  176  13:35  Protoss Ground Armor Level 1 (Chrono Boost)  
  175  13:46  Stalker x4  
  175  13:51  Protoss Shields Level 1 (Chrono Boost)  
  159  13:58  Zealot x4  
  159  13:59  Zealot x2  
  155  14:14  Stalker x4  
  163  14:20  Stalker x2  
  163  14:21  Zealot x4  
  175  14:29  Pylon  
  169  14:33  Immortal (Chrono Boost)  
  169  14:37  Zealot x6  
  169  14:38  Assimilator  
  170  14:42  Zealot x2  
  170  14:43  Zealot x2  
  176  14:50  Nexus  
  176  14:56  Stalker x2  
  180  15:02  Zealot x3  
  185  15:07  Zealot  
  185  15:08  Zealot x3  
  185  15:12  Observer (Chrono Boost)  
  188  15:17  Zealot x2  
  188  15:18  Zealot  
  193  15:23  Zealot x3  
  197  15:29  Stalker  
  191  15:46  Probe  
  192  15:50  Zealot x4  
  198  16:00  Zealot x2  
  198  16:02  Observer  
  193  16:06  Zealot x2  
  193  16:07  Zealot x2  
  193  16:14  Zealot x6  
  169  16:23  Zealot x2  
  157  16:28  Zealot x2  
  157  16:29  Zealot x2  
  149  16:38  Zealot x5  
  149  16:39  Zealot  
Show
View Real Time Build Order
Export as new Build Order

Cyan Protoss 

Build Orders: Oracle Opening 

Get SALT Encoding   

  12  0:00  Probe  
  13  0:12  Probe  
  14  0:16  Pylon  
  14  0:24  Probe (Chrono Boost)  
  15  0:36  Probe (Chrono Boost)  
  15  0:37  Gateway  
  16  0:44  Probe (Chrono Boost)  
  16  0:47  Assimilator  
  17  0:51  Probe  
  17  0:55  Assimilator  
  18  1:03  Probe (Chrono Boost)  
  19  1:07  Gateway  
  19  1:12  Probe (Chrono Boost)  
  19  1:17  Probe (Chrono Boost)  
  21  1:26  Cybernetics Core  
  21  1:29  Probe  
  22  1:34  Pylon  
  22  1:41  Probe  
  23  1:53  Probe  
  24  2:02  Warp Gate, Adept x2  
  29  2:14  Pylon  
  28  2:17  Stargate  
  28  2:20  Probe  
  29  2:33  Adept x2  
  32  2:57  Oracle (Chrono Boost)  
  35  3:08  Nexus  
  35  3:15  Probe  
  36  3:23  Pylon  
  36  3:27  Oracle (Chrono Boost)  
  39  3:37  Twilight Council  
  40  3:41  Probe  
  40  3:53  Probe  
  41  4:02  Gateway  
  41  4:05  Probe  
  41  4:09  Blink (Chrono Boost)  
  42  4:17  Probe  
  42  4:21  Probe  
  44  4:24  Stalker  
  44  4:29  Probe  
  47  4:33  Probe, Stalker  
  50  4:42  Probe  
  50  4:45  Probe  
  52  4:54  Probe  
  52  4:56  Stalker x2  
  52  4:57  Probe  
  56  5:02  Pylon  
  56  5:06  Probe  
  57  5:09  Probe  
  58  5:15  Stalker  
  58  5:18  Probe  
  58  5:19  Pylon  
  61  5:27  Nexus  
  61  5:29  Probe  
  61  5:33  Stalker  
  61  5:35  Probe  
  65  5:40  Stalker  
  65  5:42  Probe  
  68  5:49  Probe  
  69  5:50  Stalker  
  69  5:54  Probe  
  72  6:00  Forge  
  72  6:01  Assimilator, Probe  
  73  6:05  Stalker  
  73  6:06  Probe  
  73  6:08  Pylon  
  76  6:13  Stalker  
  78  6:18  Pylon  
  78  6:26  Probe x2 (Chrono Boost), Stalker  
  78  6:30  Protoss Ground Weapons Level 1 (Chrono Boost)  
  82  6:37  Probe x2 (Chrono Boost)  
  84  6:43  Probe (Chrono Boost)  
  84  6:45  Probe (Chrono Boost)  
  84  6:46  Probe (Chrono Boost)  
  87  6:50  Probe (Chrono Boost)  
  88  6:54  Nexus  
  88  6:57  Probe, Pylon  
  88  6:58  Probe  
  88  6:59  Robotics Facility  
  88  7:00  Probe  
  88  7:01  Pylon  
  91  7:09  Probe  
  91  7:10  Sentry x2, Probe  
  91  7:12  Probe  
  91  7:14  Gateway  
  98  7:21  Gateway x2, Probe  
  97  7:24  Stalker  
  97  7:26  Probe  
  97  7:27  Assimilator  
  97  7:28  Probe  
  101  7:36  Probe  
  102  7:37  Gateway  
  102  7:38  Gateway  
  102  7:39  Pylon  
  102  7:41  Shield Battery  
  102  7:50  Stalker x3  
  108  7:58  Shield Battery, Immortal  
  110  7:59  Probe  
  110  8:04  Probe  
  112  8:08  Shield Battery, Probe  
  112  8:09  Photon Cannon, Pylon  
  112  8:10  Probe  
  112  8:11  Probe  
  115  8:16  Probe, Shield Battery, Stalker  
  115  8:18  Charge (Chrono Boost)  
  118  8:20  Probe  
  118  8:24  Probe  
  118  8:26  Pylon, Probe  
  121  8:28  Zealot  
  121  8:31  Stalker x2  
  127  8:34  Stalker  
  127  8:37  Probe  
  127  8:39  Stalker  
  127  8:40  Warp Prism (Chrono Boost)  
  130  8:44  Probe  
  130  8:48  Stalker  
  135  8:50  Probe  
  135  8:53  Forge, Probe  
  133  9:07  Stalker x5  
  133  9:09  Observer (Chrono Boost), Photon Cannon  
  144  9:10  Protoss Ground Weapons Level 2 (Chrono Boost)  
  144  9:15  Photon Cannon  
  144  9:17  Photon Cannon  
  144  9:20  Assimilator  
  144  9:21  Assimilator  
  144  9:25  Observer (Chrono Boost)  
  145  9:31  Protoss Ground Armor Level 1 (Chrono Boost)  
  145  9:39  Gateway  
  145  9:40  Gateway  
  145  9:45  Dark Shrine  
  145  9:46  Stalker x3  
  145  9:47  Stalker  
  135  10:08  Stalker x4  
  135  10:10  Zealot x4  
  137  10:24  Shield Battery  
  137  10:26  Shield Battery  
  136  10:29  Shield Battery  
  136  10:32  Stalker x7  
  136  10:33  Stalker  
  150  10:47  Zealot x2  
  131  10:59  Zealot x4  
  131  11:00  Zealot x4  
  145  11:08  Dark Templar x2  
  110  11:19  Zealot  
  110  11:20  Zealot x3  
  110  11:24  Zealot  
  109  11:27  Dark Templar x3  
  109  11:29  Probe x3  
  116  11:33  Nexus  
  116  11:35  Shield Battery  
  116  11:40  Protoss Ground Weapons Level 3 (Chrono Boost)  
  116  11:41  Probe x2  
  116  11:44  Stalker x2  
  116  11:45  Stalker x5  
  116  11:46  Shield Battery  
  126  11:50  Photon Cannon, Shield Battery  
  127  11:54  Probe x3  
  129  12:06  Dark Templar x2  
  129  12:08  Nexus  
  127  12:10  Stalker  
  127  12:13  Zealot x2  
  126  12:38  Observer (Chrono Boost)  
  123  12:50  Zealot x10  
  141  12:58  Protoss Ground Armor Level 2 (Chrono Boost), Probe x2  
  143  13:01  Pylon  
  112  13:24  Stalker x8  
  112  13:25  Stalker x2  
  130  13:30  Probe x2  
  130  13:31  Probe  
  133  13:35  Observer  
  134  13:47  Stalker x3  
  134  13:48  Stalker x3  
  132  13:57  Stalker x4  
  122  14:07  Probe x3  
  125  14:11  Observer, Gateway  
  125  14:13  Stalker x3  
  125  14:14  Gateway, Stalker x3  
  138  14:18  Probe  
  138  14:19  Probe  
  138  14:21  Stalker x4  
  138  14:23  Probe  
  149  14:24  Pylon  
  149  14:25  Probe  
  142  14:32  Probe  
  142  14:38  Probe  
  141  14:44  Probe  
  137  14:46  Observer, Stalker x4  
  137  14:47  Stalker x4  
  137  14:48  Probe  
  137  14:52  Nexus  
  154  14:53  Pylon  
  154  14:54  Assimilator  
  154  15:03  Pylon  
  154  15:06  Zealot, Stalker  
  158  15:07  Stalker  
  159  15:18  Zealot x8  
  169  15:32  Observer  
  169  15:34  Stalker  
  171  15:41  Pylon  
  168  15:43  Pylon  
  168  15:51  Observer  
  168  15:52  Pylon  
  168  15:53  Pylon  
  168  15:55  Nexus  
  161  15:58  Pylon  
  161  15:59  Stalker  
  161  16:00  Stalker x7  
  159  16:06  Stalker  
  150  16:15  Stalker x3  
  144  16:19  Observer  
  144  16:23  Zealot x2  
  125  16:28  Stalker  
  125  16:29  Stalker  
  125  16:30  Stalker  
  107  16:33  Zealot  
  107  16:36  Zealot  

Tags
 
Add a new tag
Caveats
  • Supply blocks, unpowered buildings, or Contaminate may cause inaccurate times.
  • Supply counts are checked every 10 seconds.